 Dungeon Crawl Stone Soup version 0.29.1-2-gbd0b4ee654 (webtiles) character file.

Game seed: 14055119984753735025

8024 sanboga the Grappler (level 11, -7/87 HPs)
             Began as a Demonspawn Berserker on Dec 1, 2022.
             Was an Elder of Trog.
             Mangled by a harpy simulacrum (12 damage)
             ... in an ice cave.
             The game lasted 00:14:03 (14102 turns).

sanboga the Grappler (Demonspawn Berserker)        Turns: 14102, Time: 00:14:03

Health: -7/87      AC: 15    Str: 22    XL:     11   Next: 4%
Magic:  11/11      EV: 13    Int:  9    God:    Trog [****..]
Gold:   642        SH:  0    Dex: 12    Spells: 10/10 levels left

rFire   . . .      SeeInvis .     - Unarmed
rCold   . . .      Faith    .   (no shield)
rNeg    . . .      Spirit   .   d - +0 ring mail
rPois   .          Reflect  .   f - +0 helmet
rElec   .          Harm     .   (no cloak)
rCorr   +          Rampage  +   t - +0 pair of gloves
Will    .....                   g - +1 pair of boots {rampage}
Stlth   +.........              (no amulet)
HPRegen 0.24/turn               n - +4 ring of protection
MPRegen 0.12/turn               w - ring of resist corrosion

@: no status effects
A: claws 1, hooves 1, demonic guardian 2, weakness stinger 2
a: Renounce Religion, Berserk, Trog's Hand, Brothers in Arms


You were in an ice cave.
You worshipped Trog.
Trog was greatly pleased with you.
You visited 1 branch of the dungeon, and saw 11 of its levels.
You also visited: Ossuary and Ice Cave.

You collected 642 gold pieces.

Inventory:

Armour
 d - a +0 ring mail (worn)
 f - a +0 helmet (worn)
 g - a +1 pair of boots of rampaging (worn)
 t - a +0 pair of gloves (worn)
Jewellery
 j - a ring of fire
 n - a +4 ring of protection (left hand)
 s - a ring of poison resistance
 w - a ring of resist corrosion (right hand)
Wands
 r - a wand of quicksilver (9)
 D - a wand of flame (6)
Scrolls
 c - 2 scrolls of blinking
 o - 2 scrolls of teleportation
 x - a scroll of fear
 C - a scroll of enchant weapon
Potions
 a - 4 potions of cancellation
 b - a potion of berserk rage
 h - 6 potions of curing
 i - 3 potions of ambrosia
 l - 6 potions of flight
 m - 3 potions of might
 q - a potion of mutation
 u - a potion of haste
 v - a potion of heal wounds
 z - a potion of resistance
 B - a potion of degeneration {unknown}


   Skills:
 + Level 8.3 Fighting
 + Level 7.2 Armour
 + Level 7.2 Dodging
 * Level 10.4 Unarmed Combat


You had 10 spell levels left.
You didn't know any spells.
Your spell library was empty.

Dungeon Overview and Level Annotations

Branches:
Dungeon (11/15)            Temple (0/1) D:6            Lair (0/5) D:9
    Orc (0/2) D:9         Ossuary (visited)           IceCv (1/1)

Altars:
Cheibriados
Kikubaaqudgha
Okawaru
Ru
Sif Muna
Trog
Wu Jian
Xom
Yredelemnul

Shops:
D:4 *   D:7 =   D:8 (


Innate Abilities, Weirdness & Mutations

You have sharp fingernails.
You have large cloven feet.
A demonic guardian rushes to your aid.
You have a tail ending in a sharp stinger.


Message History

The flash freeze hits you!!
You are encased in ice.
Your hellwing hits the rime drake.
Your hellwing barely misses the rime drake.
You hit the rime drake. You tail-slap the rime drake.
You kill the rime drake!
Trog accepts your kill.
No target in view!
No target in view!
You see here a rime drake corpse.
You see here a rime drake corpse.
The ice encasing you melts away.
There is a frozen archway here.
The world spins around you as you enter the gateway.
You enter an ice cave!
Found an ice covered gate leading back out of this place.
There is an ice choked empty arch of ancient stone here.
There is an ice covered gate leading back out of this place here.
You hit the harpy simulacrum.
Your tail-slap misses the harpy simulacrum.
The harpy simulacrum is moderately damaged.
The harpy simulacrum closely misses you.
The harpy simulacrum claws you but does no damage. x2
The harpy simulacrum misses you.
You hit the harpy simulacrum.
The harpy simulacrum is moderately damaged.
The harpy simulacrum claws you! The harpy simulacrum freezes you!
* * * LOW HITPOINT WARNING * * *
The harpy simulacrum claws you but does no damage. x2
The harpy simulacrum claws you.
* * * LOW HITPOINT WARNING * * *
The harpy simulacrum freezes you!
* * * LOW HITPOINT WARNING * * *
You feel much better. The harpy simulacrum claws you.
The harpy simulacrum freezes you!!
* * * LOW HITPOINT WARNING * * *
The harpy simulacrum claws you.
* * * LOW HITPOINT WARNING * * *
The harpy simulacrum freezes you!
You die...

... ##.##
##.Z.##
##.....##
#...∩...#
#.......#
#.......#
#..ZZ...#
#...@...#
#########


You could see a polar bear simulacrum and 2 harpy simulacra.

Vanquished Creatures
  A two-headed ogre (D:9)
  2 rime drakes (D:11)
  2 trolls (D:10)
  A wyvern (D:9)
  A wraith (D:10)
  8 yaks
  3 vampire mosquitoes (D:7)
  An acid dragon (D:10)
  2 water moccasins (D:9)
  3 orc warriors
  An ice beast (D:6)
  2 black bears
  3 centaurs
  5 kobold brigands
  2 elf zombies (Ossuary)
  A necrophage (D:6)
  4 scorpions
  5 bullfrogs
  9 wights
  3 killer bees
  4 electric eels
  A howler monkey (D:10)
  4 crimson imps (D:5)
  2 centaur zombies (Ossuary)
  A gnoll bouda (D:7)
  3 orc priests
  2 hounds
  2 jellies (D:5)
  A human zombie (Ossuary)
  3 iguanas
  9 orc wizards
  5 hound zombies (Ossuary)
  3 mummies (Ossuary)
  Robin (D:2)
  9 gnolls
  7 adders
  A shadow imp (D:5)
  3 white imps
  An ufetubus (D:5)
  4 adder zombies (Ossuary)
  2 worms
  A dart slug (D:5)
  19 orcs
  12 endoplasms
  6 giant cockroaches
  12 goblins
  6 hobgoblins
  A jackal (D:3)
  3 quokkas
  6 ball pythons
  3 bats
  3 frilled lizards
  A gnoll zombie (Ossuary)
  A goblin zombie (Ossuary)
  2 hobgoblin zombies (Ossuary)
  5 jackal zombies (Ossuary)
  19 kobolds
  5 kobold zombies (Ossuary)
  2 quokka zombies (Ossuary)
  2 rats (D:3)
  7 rat zombies
243 creatures vanquished.

Vanquished Creatures (collateral kills)
  A wraith (D:10)
  An orc warrior (D:10)
  A killer bee (D:7)
  An electric eel (D:8)
  2 orc priests (D:10)
  An iguana (D:7)
  A gnoll (D:7)
  2 adders (D:4)
  3 orcs
  A ball python (D:4)
  A goblin (D:2)
  4 kobolds
  A frilled lizard (D:2)
20 creatures vanquished.

Vanquished Creatures (others)
  A human (D:8)
  34 fungi (D:9)
  36 plants
71 creatures vanquished.

Grand Total: 334 creatures vanquished

Notes
Turn   | Place    | Note
-------+----------+-------------------------------------------
     0 | D:1      | sanboga the Demonspawn Berserker began the quest for the
                  | Orb.
     0 | D:1      | Reached XP level 1. HP: 18/18 MP: 1/1
   742 | D:1      | Discovered your monstrous ancestry.
   742 | D:1      | Gained mutation: You have sharp fingernails. [demonic
                  | ancestry]
   742 | D:1      | Reached XP level 2. HP: 23/24 MP: 2/2
   750 | D:1      | Reached skill level 3 in Unarmed Combat
  1313 | D:1      | Found a faded altar of an unknown god.
  1412 | D:2      | Gained mutation: You have large cloven feet. [demonic
                  | ancestry]
  1412 | D:2      | Reached XP level 3. HP: 27/29 MP: 3/3
  1562 | D:2      | Gained mutation: A weak demonic guardian rushes to your
                  | aid. [demonic ancestry]
  1562 | D:2      | Reached XP level 4. HP: 8/35 MP: 4/4
  2009 | D:2      | Noticed Robin
  2023 | D:2      | Killed Robin
  2606 | D:3      | Reached XP level 5. HP: 42/42 MP: 5/5
  2611 | D:3      | Reached skill level 4 in Unarmed Combat
  2882 | D:3      | Reached ** piety under Trog
  3133 | D:3      | HP: 1/63 [orc/+0 trident (5)]
  3984 | D:4      | Gained mutation: A demonic guardian rushes to your aid.
                  | [demonic ancestry]
  3984 | D:4      | Reached XP level 6. HP: 35/48 MP: 6/6
  4184 | D:4      | Found Woaraerch's Serpentskin Sales.
  5039 | D:5      | Entered Level 5 of the Dungeon
  5088 | D:5      | Reached *** piety under Trog
  5094 | D:5      | Found a sand-covered staircase.
  5102 | Ossuary  | Entered an ossuary
  5309 | Ossuary  | Reached skill level 5 in Unarmed Combat
  5309 | Ossuary  | Gained mutation: You have a small tail. [demonic ancestry]
  5309 | Ossuary  | Reached XP level 7. HP: 40/55 MP: 7/7
  5666 | D:5      | Found a shimmering altar of Xom.
  5714 | D:5      | Reached skill level 5 in Fighting
  5720 | D:5      | Reached **** piety under Trog
  5859 | D:5      | Reached skill level 6 in Unarmed Combat
  5859 | D:5      | Gained mutation: You have a tail ending in a sharp stinger.
                  | [demonic ancestry]
  5859 | D:5      | Reached XP level 8. HP: 56/62 MP: 8/8
  7074 | D:5      | Found a snail-covered altar of Cheibriados.
  7361 | D:6      | Found a staircase to the Ecumenical Temple.
  7404 | D:6      | Found an ornate altar of the Wu Jian Council.
  7409 | D:6      | Found a bloodstained altar of Trog.
  7432 | D:6      | Found a shimmering blue altar of Sif Muna.
  7438 | D:6      | Found a basalt altar of Yredelemnul.
  8576 | D:7      | Reached skill level 7 in Unarmed Combat
  8658 | D:7      | Reached skill level 5 in Dodging
  8856 | D:7      | Reached skill level 5 in Armour
  8858 | D:7      | Reached XP level 9. HP: 63/69 MP: 9/9
  9516 | D:7      | Reached skill level 8 in Unarmed Combat
  9520 | D:7      | Found Nicifup's Jewellery Emporium.
 10155 | D:8      | You fall into a shaft and drop 1 floor!
 10180 | D:8      | Found a sacrificial altar of Ru.
 10183 | D:8      | Found an ancient bone altar of Kikubaaqudgha.
 11142 | D:8      | Found Qisiosti's Weapon Boutique.
 11550 | D:9      | Reached XP level 10. HP: 77/79 MP: 10/10
 11560 | D:9      | Reached skill level 9 in Unarmed Combat
 11922 | D:9      | Noticed a two-headed ogre
 11932 | D:9      | Killed a two-headed ogre
 12404 | D:9      | Found a staircase to the Lair.
 12427 | D:9      | Found a staircase to the Orcish Mines.
 12868 | D:10     | Entered Level 10 of the Dungeon
 13251 | D:10     | Reached skill level 10 in Unarmed Combat
 13378 | D:10     | Found an iron altar of Okawaru.
 14077 | D:11     | Found a frozen archway.
 14085 | D:11     | Reached XP level 11. HP: 70/86 MP: 11/11
 14095 | IceCv    | Entered an ice cave
 14102 | IceCv    | Mangled by a harpy simulacrum

Illustrated notes

Levels and vault maps discovered:
D:1:      dpeg_arrival_refuge, layout_loops_ring,
          hellmonk_ecumenical_altar_inner_sanctum
D:2:      layout_basic, minivault_23, uniq_robin
D:3:      layout_loops_corners, minmay_quadrilaterals
D:4:      layout_basic, guppyfry_shop_venom
D:5:      layout_basic, kennysheep_slug_shrine, led_xom_imps, enter_ossuary_4,
          minmay_parallelograms
D:6:      layout_basic, minmay_overflow_temple_star_hex,
          minmay_temple_entry_stoned_glass, serial_rivers,
          chequers_serial_rivers_micro_c, chequers_serial_rivers_small_b,
          chequers_serial_rivers_small_3, chequers_serial_rivers_large_a,
          chequers_serial_rivers_small_b, minmay_tree_intersection,
          dreamdust_princess_corridor
D:7:      layout_basic, serial_shops, shop_statue
D:8:      layout_gridville, tgw_kikubaaqudgha, nicolae_overflow_crystal_walls,
          serial_shops, nicolae_shop_statue_plus, serial_bayou_lake_a
D:9:      layout_rooms, due_lair_maze_entry_diamond, fungi_pond_lemuel,
          kennysheep_generic_room_7
D:10:     layout_long_grid, okawaru_gym_becter
D:11:     layout_irregular_city, portal_ice_cave_rime, uniq_amaemon
IceCv:    ice_cave_statue_garden_chambered

Skill      XL: |  1  2  3  4  5  6  7  8  9 10 |
---------------+-------------------------------+-----
Unarmed Combat | 3 4 5 6 7 8 10 | 10.4
Armour         | 2 3 4 5 6 7 |  7.2
Dodging        | 2 3 4 5 6 7 |  7.2
Fighting       | 4 5 6 7 8 |  8.3

Action                   |  1- 3 |  4- 6 |  7- 9 | 10-12 || total
-------------------------+-------+-------+-------+-------++-------
Melee: Unarmed           |   105 |   275 |   465 |   164 ||  1009
       Punch             |     3 |     8 |    21 |    13 ||    45
       Kick              |     2 |     9 |       |       ||    11
       Tailslap          |       |       |    69 |    28 ||    97
Invok: Berserk           |     2 |     4 |     5 |     4 ||    15
  Use: Scroll            |       |     8 |    14 |     8 ||    30
       Potion            |       |       |       |     1 ||     1
 Stab: Invisible         |       |       |     2 |       ||     2
       Distracted        |       |       |       |     1 ||     1
Armor: Animal skin       |     2 |       |       |       ||     2
       Ring mail         |    28 |   111 |   236 |    91 ||   466
Dodge: Dodged            |    71 |   167 |   317 |   129 ||   684
